 Dungeon Crawl Stone Soup version 0.22-a0-412-g2b68d144a4 (webtiles) character file.

283 Kriby the Ruffian (level 6, -1/62 HPs)
             Began as a Troll Monk on May 12, 2018.
             Slain by a killer bee (4 damage)
             ... on level 3 of the Dungeon.
             The game lasted 00:01:05 (955 turns).

Kriby the Ruffian (Troll Monk)                       Turns: 955, Time: 00:01:06

Health: -1/62      AC:  8    Str: 22    XL:     6   Next: 7%
Magic:  5/5        EV: 10    Int:  6    God:
Gold:   36         SH:  0    Dex: 12    Spells: 5/5 levels left

rFire    . . .     SeeInvis .     - Unarmed
rCold    . . .     Gourm    +   (no shield)
rNeg     . . .     Faith    .   g - +1 robe {Archmagi}
rPois    .         Spirit   .   (helmet restricted)
rElec    .         Reflect  .   f - +1 cloak {MR+}
rCorr    .         Harm     .   (gloves unavailable)
MR       +....                  (boots unavailable)
Stlth    ++........             (no amulet)
HPRegen  0.60/turn              (no ring)
MPRegen  0.09/turn              (no ring)

@: lethally poisoned (-1 -> -2)
A: large, unfitting armour, claws 3, fast metabolism 3, gourmand, regeneration
1, shaggy fur 1, tough skin 2
a: no special abilities


You were on level 3 of the Dungeon.
You were completely stuffed.

You visited 1 branch of the dungeon, and saw 3 of its levels.

You collected 36 gold pieces.

Inventory:

Armour
 a - a +0 robe
 f - a +1 cloak of magic resistance (worn)
 g - a +1 robe of the Archmagi (worn)
Scrolls
 c - a scroll of teleportation
 d - a scroll of remove curse {unknown}
 h - a scroll of identify
 i - a scroll of blinking
Potions
 e - a potion of mutation {unknown}
Comestibles
 b - 4 rations


   Skills:
 + Level 3.8 Fighting
 - Level 2.4 Dodging
 - Level 1.0 Stealth
 * Level 5.8 Unarmed Combat


You had 5 spell levels left.
You didn't know any spells.
Your spell library was empty.

Dungeon Overview and Level Annotations

Branches:
Dungeon (3/15)

Altars:


Innate Abilities, Weirdness & Mutations

You are too large for most types of armour.
You have claws for hands.
Your metabolism is lightning-fast.
You like to eat raw meat.
Your natural rate of healing is unusually fast.
You are covered in fur. (AC +1)
You have very tough skin. (AC +2)


Message History

The killer bee stings you.
* * * LOW HITPOINT WARNING * * *
You are poisoned.
The killer bee poisons you!
You scratch the killer bee.
The killer bee is lightly wounded.
You feel sick.
The killer bee stings you but does no damage. x3
The killer bee barely misses you.
You miss the killer bee.
You feel sick.
The killer bee stings you but does no damage.
The killer bee closely misses you.
You claw the killer bee!
The killer bee is heavily wounded.
The killer bee closely misses you. The killer bee stings you!
* * * LOW HITPOINT WARNING * * *
The killer bee stings you.
* * * LOW HITPOINT WARNING * * *
The killer bee stings you.
You die...

... #.# ##.##
#... .<.
#.####..###.#
y.ls.y..gs#.#
#.####..yy#.#
####y#.# #@#.#
######y#.###
..........#.##
...........#.#
#######.###.##
###.###)#########
................#
....###.#######.#
.##.# #....# #.#


You could see 4 killer bees, a giant cockroach and a goblin.

Vanquished Creatures
  An ogre (D:2)
  A killer bee (D:3)
  An orc wizard (D:3)
  An orc priest (D:3)
  Jessica (D:2)
  3 gnolls (D:2)
  An adder (D:3)
  A worm (D:3)
  3 orcs (D:3)
  A giant cockroach (D:3)
  3 goblins
  2 hobgoblins
  3 jackals (D:2)
  3 kobolds
  A quokka (D:2)
  3 bats
  2 rats (D:2)
31 creatures vanquished.

Notes
Turn   | Place    | Note
-------+----------+-------------------------------------------
     0 | D:1      | Kriby the Troll Monk began the quest for the Orb.
     0 | D:1      | Reached XP level 1. HP: 22/22 MP: 0/0
    73 | D:1      | You fall through a shaft!
   224 | D:2      | Reached XP level 2. HP: 29/29 MP: 1/1
   253 | D:2      | Noticed Jessica
   257 | D:2      | Killed Jessica
   257 | D:2      | Reached XP level 3. HP: 36/36 MP: 2/2
   306 | D:2      | Reached skill level 4 in Unarmed Combat
   308 | D:2      | Noticed an ogre
   314 | D:2      | Killed an ogre
   314 | D:2      | Reached XP level 4. HP: 34/45 MP: 3/3
   330 | D:2      | Reached skill level 5 in Unarmed Combat
   330 | D:2      | Reached XP level 5. HP: 17/53 MP: 4/4
   952 | D:3      | Reached XP level 6. HP: 32/62 MP: 5/5
   955 | D:3      | HP: 3/62 [killer bee (3)]
   955 | D:3      | Slain by a killer bee

Vault maps used:
D:1:      lightli_molten_gateway, kennysheep_nondescript
D:2:      uniq_jessica
D:3:      cheibrodos_greedy_goblins, nicolae_ru_awakened_eye,
          lemuel_doored_altar, first_ration

Skill      XL: |  1  2  3  4 |
---------------+-------------+-----
Unarmed Combat | 4 5 |  5.8
Fighting       | 3 |  3.8
Dodging        | |  2.4
Stealth        | |  1.0

Action                   |  1- 3 |  4- 6 || total
-------------------------+-------+-------++-------
Melee: Unarmed           |    24 |    59 ||    83
  Use: Scroll            |       |     3 ||     3
  Eat: Chunk             |     6 |     8 ||    14
Armor: Robe              |     7 |    29 ||    36
Dodge: Dodged            |     9 |    45 ||    54

Table legend:
 A = Spawn XP
 B = Non-spawn XP
 C = Spawn XP percentage of total XP
 D = Spawn monster count
 E = Non-spawn monster count
 F = Spawn count percentage of total count
 G = Total turns spent on level
                    A         B        C        D         E        F      G
               +---------+---------+-------+---------+---------+-------+---------
         Total |       0 |     405 |   0.0 |       0 |      31 |   0.0 |   955
               +---------+---------+-------+---------+---------+-------+---------
           D:1 |       0 |       4 |   0.0 |       0 |       2 |   0.0 |    73
           D:2 |       0 |     215 |   0.0 |       0 |      16 |   0.0 |   692
           D:3 |       0 |     186 |   0.0 |       0 |      13 |   0.0 |   190
               +---------+---------+-------+---------+---------+-------+---------
